 Dungeon Crawl Stone Soup version 0.17-a0-1554-g3b847ca (webtiles) character file.

13647 amplicon the Spear-Bearer (level 11, -3/99 HPs)
             Began as a Minotaur Fighter on July 13, 2015.
             Slain by an ogre
             ... wielding a +0 giant club
              (8 damage)
             ... on level 3 of the Orcish Mines on July 19, 2015.
             The game lasted 01:27:44 (14735 turns).

amplicon the Spear-Bearer (Minotaur Fighter)       Turns: 14735, Time: 01:27:44

Health: -3/99      AC: 20    Str: 22    XL:     11   Next: 78%
Magic:  10/10      EV:  9    Int:  5    God:    Xom [.*....]
Gold:   2185       SH: 10    Dex: 14    Spells: 1 memorised, 4 levels left

rFire  + . .     SeeInvis +     y - +2 trident (freeze)
rCold  . . .     Clarity  +     t - +2 chain mail {MR+}
rNeg   . . .     SustAt   +     c - +0 shield
rPois  .         Gourm    .     u - +0 hat
rElec  .         Spirit   .     F - +1 cloak
rCorr  .         Warding  .     L - +0 pair of gloves
rMut   .         Stasis   .     (no boots)
MR     ++...                    h - amulet of clarity
Stlth  ..........               m - ring of stealth
                                g - ring of sustain attributes

@: very resistant to hostile enchantments, extremely unstealthy
A: retaliatory headbutt, horns 2, slimy green scales 1, see invisible, fire
resistance 1, magic resistance 1, screaming 1, strong 1, wild magic 2
a: Renounce Religion


You were on level 3 of the Orcish Mines.
You worshipped Xom.
You were a plaything of Xom.
You were full.

You visited 3 branches of the dungeon, and saw 15 of its levels.
You also visited: Sewer.

You collected 2223 gold pieces.
You spent 38 gold pieces at shops.

Inventory:

Hand weapons
 a - a +2 flail
 f - a +4 whip of freezing
 o - a +1 morningstar of crushing
 y - a +2 trident of freezing (weapon)
 E - a +0 dire flail
Missiles
 v - 8 exploding tomahawks (quivered)
 B - 3 poisoned javelins
Armour
 c - a +0 shield (worn)
 t - a +2 chain mail of magic resistance (worn)
 u - a +0 hat (worn)
 F - a +1 cloak (worn)
 L - a +0 pair of gloves (worn)
Jewellery
 g - a ring of sustain attributes (left hand)
 h - an amulet of clarity (around neck)
 l - a cursed ring of loudness {unknown}
 m - a ring of stealth (right hand)
 D - a cursed ring of loudness {unknown}
Magical devices
 b - a wand of fire (3)
 k - a wand of confusion (20)
 J - a wand of polymorph (6)
 K - a wand of paralysis (14)
Scrolls
 j - a scroll of amnesia
 p - 2 scrolls of magic mapping
 q - a scroll of enchant weapon
 z - 4 scrolls of identify
 C - 2 scrolls of remove curse
Potions
 d - a potion of might
 i - a potion of brilliance
 w - 9 potions of curing
Books
 r - a book of Enchantments

   Spells                             Type                      Level
   a - Cause Fear                     Hexes                        4
   b - Silence                        Hexes/Air                    5
   c - Deflect Missiles               Charms/Air                   6
   d - Haste                          Charms                       6
   e - Discord                        Hexes                        8
Miscellaneous
 A - a lamp of fire
Comestibles
 e - 2 bread rations
 n - a slice of pizza
 s - 10 beef jerkies
 I - 8 fruits


   Skills:
 + Level 9.7 Fighting
 - Level 10.0 Maces & Flails
 - Level 12.5 Polearms
 + Level 11.5 Armour
 - Level 6.6 Dodging
 - Level 4.2 Shields


You had 4 spell levels left.
You knew the following spells:

 Your Spells              Type           Power        Failure   Level  Hunger
a - Haste                 Chrm           #.......     100%        6    #######


Dungeon Overview and Level Annotations

Branches:
Dungeon (10/15)            Temple (1/1) D:4            Lair (0/8) D:10
    Orc (4/4) D:10
    Elf: Orc:3-4

Altars:
Ashenzari
Cheibriados
Dithmenos
Elyvilon
Fedhas
Gozag
Kikubaaqudgha
Makhleb
Nemelex Xobeh
Okawaru
Qazlal
Ru
Sif Muna
Trog
Vehumet
Xom
Yredelemnul
Zin
The Shining One

Shops:
D:7 !


Innate Abilities, Weirdness & Mutations

You reflexively headbutt those who attack you in melee.
You have a pair of horns on your head.
You are partially covered in slimy green scales (AC +2).
You have supernaturally acute eyesight.
Your flesh is heat resistant.
You are resistant to hostile enchantments.
You occasionally shout uncontrollably at your foes.
Your muscles are strong. (Str +2)
Your spells are harder to cast, but more powerful.


Message History

The orc hits you but does no damage.
You hit the ogre. You freeze the ogre.
The ogre is lightly wounded.
The troll bites you but does no damage. The troll claws you but does no damage.
The troll barely misses you. The ogre hits you but does no damage.
You block the troll's attack. x2
The troll claws you but does no damage.
The orc warrior hits you with a battleaxe.
* * * LOW HITPOINT WARNING * * *
The orc hits you but does no damage.
Read which item? (? for menu, Esc to quit)
As you read the scroll of fog, it crumbles to dust.
The scroll dissolves into smoke.
You block the orc's attack. The orc warrior barely misses you.
The troll bites you but does no damage. You block the troll's attack.
The troll claws you but does no damage. The orc closely misses you.
You furiously retaliate!
You headbutt the orc!
You kill the orc!
The ogre hits you with a giant club!
You die...
Xom giggles madly!

### #..#.#..###.#..##....
######..##..[[)#..... ####
#...##.)).......# ### #..#
##..##........#..#
##.####.###..........#.#....
#...##...#.............#....
##..#.......................
#..........................
##.#...§.§@§...............
##....§§ToO)).............
#...[..§§T§>)..........##.
##.##..§§§§).<>......_....
##.###....................
#...###............_..#.##
##.## ###.........._...###
### ##............##
##.............#


You could see 2 trolls, an orc warrior and an ogre.

Vanquished Creatures
  A stone giant (Orc:2)
  An unseen horror (D:10)
  An orc sorcerer (Orc:1)
  Joseph (D:8)
  A centaur skeleton (D:10)
  A troll (Orc:2)
  2 two-headed ogres
  Menkaure (D:6)
  A hippogriff (D:10)
  A warg (Orc:3)
  2 hungry ghosts
  11 orc warriors
  A black bear (D:8)
  A water moccasin (D:5)
  3 ice beasts
  A phantom (D:9)
  13 ogres
  A necrophage (D:8)
  6 centaurs
  3 big kobolds
  7 giant frogs
  A wyvern skeleton (D:7)
  An electric eel (D:10)
  2 scorpions
  15 killer bees
  16 wights
  3 crimson imps
  3 hounds
  18 orc priests
  A wasp zombie (D:7)
  3 iguanas
  A giant frog zombie (D:9)
  2 jellies
  Jessica (D:2)
  32 orc wizards
  A quasit (D:9)
  10 worker ants
  A giant frog simulacrum (D:10)
  A hound skeleton (D:9)
  A worker ant zombie (D:10)
  8 gnolls
  2 river rats (D:10)
  A shadow imp (D:9)
  6 adders
  A white imp (D:10)
  An ufetubus (D:10)
  An ooze (Orc:3)
  2 adder skeletons
  2 adder zombies (D:5)
  2 worms
  170 orcs
  3 ball pythons
  A bat skeleton (D:6)
  2 giant cockroaches
  14 goblins
  22 hobgoblins
  6 quokkas
  15 bats
  6 giant geckos
  9 giant newts
  6 jackals
  38 kobolds
  A quokka zombie (D:6)
  22 rats
514 creatures vanquished.

Vanquished Creatures (collateral kills)
  Gastronok (D:8)
  A warg (Orc:1)
  2 orc warriors
  A giant frog (D:10)
  A killer bee (D:9)
  An electric eel (D:6)
  3 wights
  An iguana (D:6)
  3 orcs
14 creatures vanquished.

Vanquished Creatures (others)
  The ghost of nubinia the Magician, an average SpEE of Ashenzari (D:4)
  An ogre (D:4)
  A centaur skeleton (D:7)
  A hound (D:6)
  An orc wizard (Orc:3)
  A giant gecko (D:7)
  A bat skeleton (D:4)
7 creatures vanquished.

Grand Total: 535 creatures vanquished

Notes
Turn   | Place    | Note
--------------------------------------------------------------
     0 | D:1      | amplicon the Minotaur Fighter began the quest for the Orb.
     0 | D:1      | Reached XP level 1. HP: 19/19 MP: 0/0
    80 | D:1      | Upgraded the game from 0.17-a0-1519-g2001520 to 0.17-a0-1533-g2f57bce
   311 | D:1      | Reached skill level 4 in Shields
   312 | D:1      | Reached XP level 2. HP: 25/27 MP: 1/1
   654 | D:2      | Found a stormy altar of Qazlal.
   689 | D:2      | Reached XP level 3. HP: 24/33 MP: 2/2
   761 | D:2      | Found a faded altar to an unknown god.
   778 | D:2      | Became a worshipper of Xom of Chaos
   856 | D:2      | Noticed Jessica
   868 | D:2      | Killed Jessica
   868 | D:2      | Reached XP level 4. HP: 35/41 MP: 3/3
   874 | D:2      | XOM: potion effect (agility)
   876 | D:2      | Reached skill level 5 in Fighting
   897 | D:2      | XOM: divination: detect creatures
  1078 | D:2      | XOM: divination: detect creatures
  1113 | D:2      | XOM: give mutations
  1113 | D:2      | Gained mutation: Your mind is acute. (Int +2) [Xom's grace]
  1113 | D:2      | Gained mutation: You have supernaturally acute eyesight. [Xom's grace]
  1115 | D:2      | XOM: polymorph giant cockroach -> ball python
  1283 | D:3      | XOM: noise
  1355 | D:3      | Found an ancient bone altar of Kikubaaqudgha.
  1632 | D:3      | XOM: god gift: glowing shortbow {god gift}
  1678 | D:3      | Reached XP level 5. HP: 42/48 MP: 4/4
  1773 | D:3      | XOM is BORED!
  1773 | D:3      | XOM: severe Necr miscast
  1774 | D:3      | Noticed a reaper
  1969 | D:4      | XOM: give mutations
  1969 | D:4      | Gained mutation: You possess an exceptional clarity of mind. [Xom's grace]
  1969 | D:4      | Gained mutation: Your muscles are strong. (Str +2) [Xom's grace]
  1969 | D:4      | Gained mutation: You evolve. [Xom's grace]
  1969 | D:4      | Gained mutation: You are agile. (Dex +2) [Xom's grace]
  2003 | D:4      | XOM: give mutations
  2003 | D:4      | Gained mutation: You have a pair of large horns on your head. [Xom's grace]
  2003 | D:4      | Gained mutation: You are resistant to hostile enchantments. [Xom's grace]
  2003 | D:4      | Gained mutation: You can breathe flames. [Xom's grace]
  2003 | D:4      | Gained mutation: Your flesh is heat resistant. [Xom's grace]
  2206 | D:4      | Found a glowing drain.
  2211 | Sewer    | Entered a sewer
  2340 | Sewer    | Reached skill level 6 in Fighting
  2599 | Sewer    | XOM: give mutations
  2599 | Sewer    | Gained mutation: Your muscles are very strong. (Str +4) [Xom's grace]
  2599 | Sewer    | Gained mutation: You are highly resistant to hostile enchantments. [Xom's grace]
  2599 | Sewer    | Gained mutation: You are partially covered in slimy green scales (AC +2). [Xom's grace]
  2794 | Sewer    | XOM: god gift: 8 exploding tomahawks
  2819 | D:4      | XOM: cast spell 'Spider Form'
  2834 | D:4      | XOM: give mutations
  2834 | D:4      | Gained mutation: Your spells are a little harder to cast, but a little more powerful. [Xom's grace]
  2834 | D:4      | Gained mutation: Your spells are harder to cast, but more powerful. [Xom's grace]
  2978 | D:4      | XOM: god gift: lamp of fire
  3122 | D:4      | XOM: divination: detect creatures
  3163 | D:4      | Noticed nubinia's ghost (average SpEE)
  3164 | D:4      | Noticed an ogre
  3188 | D:4      | XOM: swap monsters
  3190 | D:4      | Killed an ogre
  3190 | D:4      | Reached skill level 5 in Maces & Flails
  3190 | D:4      | Reached XP level 6. HP: 42/57 MP: 5/5
  3190 | D:4      | Killed nubinia's ghost
  3190 | D:4      | XOM: divine lightning (protected)
  3360 | D:4      | Noticed an ogre
  3361 | D:4      | XOM: summons friendly white imp
  3364 | D:4      | Killed an ogre
  3511 | D:4      | Found a glowing silver altar of Zin.
  3511 | D:4      | Noticed an angel
  3513 | D:4      | Found a shimmering altar of Xom.
  3595 | D:4      | Upgraded the game from 0.17-a0-1533-g2f57bce to 0.17-a0-1534-gf98da79
  3813 | D:4      | XOM: god gift: 630 gold pieces
  3909 | D:4      | Found a staircase to the Ecumenical Temple.
  4037 | D:5      | Entered Level 5 of the Dungeon
  4101 | D:5      | XOM: give mutations
  4101 | D:5      | Lost mutation: You are agile. (Dex +2) [Xom's mischief]
  4101 | D:5      | Lost mutation: Your mind is acute. (Int +2) [Xom's mischief]
  4101 | D:5      | Lost mutation: You have a pair of large horns on your head. [Xom's mischief]
  4285 | D:5      | XOM: 1-stop teleportation journey
  4309 | D:5      | Found a shadowy altar of Dithmenos.
  4341 | D:5      | Noticed a water moccasin
  4346 | D:5      | XOM: divination: magic mapping
  4355 | D:5      | Killed a water moccasin
  4355 | D:5      | Reached skill level 7 in Fighting
  4355 | D:5      | Reached XP level 7. HP: 51/66 MP: 6/6
  4622 | D:5      | XOM: give mutations
  4622 | D:5      | Lost mutation: You possess an exceptional clarity of mind. [Xom's mischief]
  4622 | D:5      | Lost mutation: You can breathe flames. [Xom's mischief]
  4622 | D:5      | Gained mutation: You are clumsy. (Dex -2) [Xom's mischief]
  4622 | D:5      | Lost mutation: You evolve. [Xom's mischief]
  4790 | D:5      | XOM: scenery: create altars
  4800 | D:5      | XOM: cast spell 'Ice Form'
  5037 | D:5      | Found an iron altar of Okawaru.
  5124 | D:5      | XOM: noise
  5204 | D:6      | Noticed Menkaure
  5210 | D:6      | Killed Menkaure
  5210 | D:6      | Reached skill level 8 in Fighting
  5446 | D:6      | XOM: summons 7 friendly demons
  5451 | D:6      | Reached XP level 8. HP: 28/74 MP: 7/7
  5453 | D:6      | HP: 1/74 [wight/flail (3)]
  5456 | D:6      | XOM: smoke on damage
  5730 | D:6      | Found a bloodstained altar of Trog.
  5755 | D:6      | Found a sparkling altar of Nemelex Xobeh.
  5776 | D:6      | XOM: destruction
  5781 | D:6      | XOM: polymorph scorpion -> killer bee
  5794 | D:6      | XOM: cast spell 'Dispersal'
  6115 | D:6      | XOM: summons 6 friendly demons
  6131 | D:6      | Reached skill level 9 in Fighting
  6181 | D:6      | Found a shattered altar of Ashenzari.
  6256 | D:6      | XOM: divination: magic mapping
  6385 | D:6      | XOM: mild Chrm miscast
  6754 | D:6      | XOM: harmless Summ miscast
  6955 | Temple   | Entered the Ecumenical Temple
  7135 | D:7      | XOM: harmless Necr miscast
  7182 | D:7      | Reached skill level 10 in Maces & Flails
  7296 | D:7      | XOM: noise
  7322 | D:7      | Learned a level 6 spell: Haste
  7432 | D:7      | Found Muryh's Distillery.
  7432 | D:7      | XOM: 5-stop teleportation journey
  7520 | D:7      | XOM: noise
  7526 | D:7      | Reached skill level 5 in Armour
  7526 | D:7      | Reached XP level 9. HP: 80/85 MP: 8/8
  7532 | D:7      | Reached skill level 1 in Dodging
  7538 | D:7      | XOM: harmless Necr miscast
  7666 | D:7      | Bought a potion of mutation for 27 gold pieces
  7666 | D:7      | Bought a potion of degeneration for 11 gold pieces
  7679 | D:7      | XOM: harmless Hex miscast
  7725 | D:7      | XOM: silly message
  7847 | D:7      | XOM: enchant monster (bad)
  8129 | D:8      | XOM: summons friendly iron imp
  8149 | D:8      | XOM: 1-stop teleportation journey
  8514 | D:8      | Noticed Joseph
  8526 | D:8      | XOM: chaos upgrade
  8534 | D:8      | Killed Joseph
  8688 | D:8      | Upgraded the game from 0.17-a0-1534-gf98da79 to 0.17-a0-1545-gc1bb672
  8719 | D:8      | Noticed Gastronok
  8722 | D:8      | XOM: butterfly on damage
  8726 | D:8      | XOM: summons 3 friendly demons
  8732 | D:8      | Killed Gastronok
  8732 | D:8      | Reached skill level 10 in Armour
  8732 | D:8      | Reached skill level 5 in Dodging
  8732 | D:8      | Reached XP level 10. HP: 71/92 MP: 9/9
  8846 | D:8      | XOM: 8-stop teleportation journey
  8859 | D:8      | XOM: noise
  8864 | D:8      | Reached skill level 11 in Armour
  8959 | D:8      | XOM: god gift: battleaxe {god gift}
  9005 | D:8      | XOM: harmless Ice miscast
  9453 | D:9      | XOM: stealth player
  9715 | D:9      | XOM: summons 3 friendly demons
  9799 | D:9      | XOM: silly message
 10042 | D:9      | Reached skill level 1 in Polearms
 10066 | D:9      | XOM: harmless Trmt miscast
 10103 | D:9      | XOM: harmless Conj miscast
 10182 | D:10     | Entered Level 10 of the Dungeon
 10209 | D:10     | XOM: silly message
 10220 | D:10     | Reached skill level 5 in Polearms
 10273 | D:10     | XOM: divination: detect items
 10385 | D:10     | XOM: divination: magic mapping
 10427 | D:10     | XOM: swap monsters
 10436 | D:10     | XOM: confuse monster(s)
 10490 | D:10     | XOM: fog
 10498 | D:10     | XOM: enchant monster (good)
 10594 | D:10     | Reached XP level 11. HP: 90/99 MP: 10/10
 10605 | D:10     | XOM: 1-stop teleportation journey
 10633 | D:10     | Found a staircase to the Lair.
 10635 | D:10     | Found a staircase to the Orcish Mines.
 10670 | D:10     | XOM: mild Fire miscast
 10704 | D:10     | XOM: silly message
 11058 | D:10     | XOM: enchant monster (good)
 11080 | D:10     | XOM is BORED!
 11080 | D:10     | XOM: give mutations
 11080 | D:10     | Gained mutation: You tend to lose your temper in combat. [Xom's mischief]
 11080 | D:10     | Lost mutation: You tend to lose your temper in combat. [Xom's mischief]
 11080 | D:10     | Lost mutation: You are clumsy. (Dex -2) [Xom's mischief]
 11080 | D:10     | Lost mutation: Your muscles are very strong. (Str +4) [Xom's mischief]
 11096 | D:10     | XOM: give mutations
 11096 | D:10     | Lost mutation: You are highly resistant to hostile enchantments. [Xom's mischief]
 11096 | D:10     | Gained mutation: You occasionally shout uncontrollably at your foes. [Xom's mischief]
 11193 | D:10     | Noticed an unseen horror
 11200 | D:10     | Killed an unseen horror
 11311 | Orc:1    | Entered Level 1 of the Orcish Mines
 11363 | Orc:1    | XOM: 6-stop teleportation journey
 11574 | Orc:1    | XOM: god gift: 23 gold pieces
 11644 | Orc:1    | XOM: chaos upgrade
 12325 | Orc:1    | XOM: god gift: 3 fruits
 12330 | Orc:1    | Upgraded the game from 0.17-a0-1545-gc1bb672 to 0.17-a0-1554-g3b847ca
 12342 | Orc:2    | Reached skill level 10 in Polearms
 12679 | Orc:2    | XOM: god gift: potion of heal wounds
 13233 | Orc:3    | Noticed a stone giant
 13250 | Orc:3    | XOM: summons friendly quasit
 13331 | Orc:3    | XOM: polymorph orc wizard -> ooze
 13778 | Orc:2    | XOM: potion effect (curing)
 13781 | Orc:2    | Killed a stone giant
 13781 | Orc:2    | Reached skill level 12 in Polearms
 14195 | Orc:3    | XOM: scenery: create altars
 14445 | Orc:4    | Entered Level 4 of the Orcish Mines
 14541 | Orc:3    | XOM: god gift: 3 poisoned javelins
 14579 | Orc:3    | XOM: colour smoke trail
 14725 | Orc:4    | Noticed an ogre mage
 14729 | Orc:3    | HP: 4/99 [troll (7)]
 14735 | Orc:3    | Slain by an ogre

Vault maps used:
D:1:      onia_arrival_pyramid, serial_forest, infiniplex_forest_lined_4_way,
          infiniplex_forest_clump_long, infiniplex_forest_end_2,
          infiniplex_forest_straight_2, infiniplex_forest_side_room,
          infiniplex_forest_side_room, infiniplex_forest_lined_3,
          infiniplex_forest_end_2
D:2:      lemuel_crystal_altar, ecumenical_altar_1, lightli_corner_chamber,
          uniq_jessica
D:3:      lemuel_round_altar
D:4:      grunt_temple_overflow_order_and_chaos_1,
          minmay_temple_entry_from_below_b, portal_sewer_entry_e
D:5:      nicolae_overflow_hidden_temple, first_bread, basic_altar,
          serial_bayou_pond_c
D:6:      bloody_trog, ashenzari_altar_1, basic_altar, minmay_crystal_water,
          uniq_menkaure
D:7:      serial_shops, shop, grunt_ogre_cave, grunt_ministairs_9
D:8:      hangedman_abyss_or_decor_stabs, uniq_joseph, uniq_gastronok
D:10:     due_lair_maze_entry_diamond, serial_ice, serial_ice_o, serial_ice_j,
          serial_ice_c, serial_ice_m, special_room
Temple:   eino_temple_water_12
Orc:1:    minmay_orc_keep
Orc:3:    nicolae_orc_pool_cavern
Orc:4:    st_orc_open, basic_altar
Sewer:    kennysheep_pipe_town

Action                   |  1- 3 |  4- 6 |  7- 9 | 10-12 || total
-------------------------+-------+-------+-------+-------++-------
Melee: Flail             |    78 |   183 |   313 |       ||   574
       Unarmed           |       |     4 |     3 |       ||     7
       Trident           |       |       |    12 |   856 ||   868
Evoke: Wand              |       |       |       |     1 ||     1
  Use: Scroll            |       |     9 |     3 |     5 ||    17
       Potion            |       |       |     5 |     6 ||    11
 Stab: Invisible         |       |       |     1 |       ||     1
       Sleeping          |       |       |     1 |       ||     1
       Confused          |       |       |       |     2 ||     2
  Eat: Chunk             |       |     4 |     5 |     6 ||    15
       Bread ration      |       |     2 |     2 |     5 ||     9
